 Dungeon Crawl Stone Soup version 0.27-b1-42-g19c61b19a5 (webtiles) character file.

Game seed: 8663547054680063928

7 Sin92 the Skirmisher (level 1, -1/18 HPs)
             Began as a Demonspawn Fighter on July 29, 2021.
             Slain by a jackal (2 damage)
             ... on level 1 of the Dungeon.
             The game lasted 00:00:12 (41 turns).

Sin92 the Skirmisher (Demonspawn Fighter)             Turns: 41, Time: 00:00:13

Health: -1/18      AC:  6    Str: 16    XL:     1   Next: 83%
Magic:  1/1        EV:  6    Int:  9    God:
Gold:   11         SH:  8    Dex: 12    Spells: 0/0 levels left

rFire    . . .     SeeInvis .   a - +0 war axe
rCold    . . .     Faith    .   c - +0 kite shield
rNeg     . . .     Spirit   .   b - +0 scale mail
rPois    .         Reflect  .   (no helmet)
rElec    .         Harm     .   (no cloak)
rCorr    .         Rampage  .   (no gloves)
Will     .....                  (no boots)
Stlth    ..........             (no amulet)
HPRegen  0.06/turn              (no ring)
MPRegen  0.07/turn              (no ring)

@: no status effects
A: no striking features
a: no special abilities


You were on level 1 of the Dungeon.
You visited 1 branch of the dungeon, and saw 1 of its levels.

You collected 11 gold pieces.

Inventory:

Hand Weapons
 a - a +0 war axe (weapon)
Armour
 b - a +0 scale mail (worn)
 c - a +0 kite shield (worn)
Potions
 d - a potion of might


   Skills:
 + Level 3.0 Fighting
 * Level 2.0 Axes
 + Level 2.7 Armour
 + Level 0.2 Dodging
 + Level 2.7 Shields


You couldn't memorise any spells.
You didn't know any spells.
Your spell library was empty.

Dungeon Overview and Level Annotations

Branches:
Dungeon (1/15)

Altars:


Message History

There are monsters nearby!
You are too injured to fight recklessly!
Unknown command.
You are too injured to fight recklessly!
There are monsters nearby!
You are too injured to fight recklessly!
Unknown command.
There are monsters nearby!
You are too injured to fight recklessly!
There are monsters nearby!
Unknown command.
You are too injured to fight recklessly!
Unknown command.
There are monsters nearby!
You are too injured to fight recklessly!
You slash the dart slug!
You kill the dart slug!
You hit the jackal. You block the jackal's attack.
The jackal bites you but does no damage.
The hobgoblin hits you but does no damage.
The jackal barely misses you.
Your Axes skill increases to level 2!
You barely miss the hobgoblin. You closely miss the jackal.
You block the jackal's attack.
The hobgoblin hits you but does no damage.
The jackal bites you but does no damage.
Unknown command.
You hit the hobgoblin.
The hobgoblin is moderately wounded.
You hit the jackal. The jackal barely misses you.
You block the hobgoblin's attack. You block the jackal's attack.
The hobgoblin hits you.
* * * LOW HITPOINT WARNING * * *
You closely miss the hobgoblin.
The hobgoblin is moderately wounded.
Your shield and scale mail prevent you from hitting the jackal.
The jackal barely misses you. The hobgoblin hits you.
* * * LOW HITPOINT WARNING * * *
The jackal bites you.
You die...

#.#.##....≈≈≈....
##.#(#....≈...≈...
..#####.........≈.<.≈...
.........###....≈...≈...
#.#####.#####....≈≈≈....
#..........###.........#
#.!.......## ##.......##
...#.#.#.#..# ##.....##
.......†@h.## ##...##
...#.#.#g#.# #####
...........#
...#.#.#.#.#
.#....$....# ..#.#.#.#.#
..........# ###.....!..


You could see a jackal and a hobgoblin.

Vanquished Creatures
  A dart slug (D:1)
  A goblin (D:1)
  2 jackals (D:1)
4 creatures vanquished.

Notes
Turn   | Place    | Note
-------+----------+-------------------------------------------
     0 | D:1      | Sin92 the Demonspawn Fighter began the quest for the Orb.
     0 | D:1      | Reached XP level 1. HP: 18/18 MP: 1/1
    41 | D:1      | Slain by a jackal

Illustrated notes

Levels and vault maps discovered:
D:1:      enne_arrival_octagon_isle, layout_loops_ring, serial_co_window_serial,
          co_window_paths_b, co_window_paths_b, co_window_paths_b,
          co_window_paths_a, co_window_paths_a, co_window_broadway_c,
          co_window_broadway_a, co_window_paths_c, co_window_2corner,
          co_window_corner_ca, co_window_corner_cb, co_window_4corner_b,
          co_window_4corner_a, glass_columns_c

Skill      XL: |  1 |
---------------+----+-----
Axes           | 2 |  2.0
Fighting       | |  3.0
Armour         | |  2.7
Dodging        | |  0.2
Shields        | |  2.7

Action                   || total
-------------------------++-------
Melee: War axe           ||    20
Armor: Scale mail        ||    19
Dodge: Dodged            ||     7
Block: Kite shield       ||    21
